 Dungeon Crawl Stone Soup version 0.26.1-11-gd32895ea62 (webtiles) character file.

Game seed: 9544693787059173350

172 Zeld the Cudgeller (level 5, -5/34 HPs)
             Began as an Octopode Warper on May 17, 2021.
             Was a Follower of Makhleb.
             Slain by Blork the orc
             ... wielding a +0 mace
              (12 damage)
             ... on level 4 of the Dungeon.
             The game lasted 00:05:47 (4224 turns).

Zeld the Cudgeller (Octopode Warper)                Turns: 4224, Time: 00:05:47

Health: -5/34      AC:  1    Str: 11    XL:     5   Next: 53%
Magic:  5/9        EV: 13    Int: 16    God:    Makhleb [*.....]
Gold:   149        SH:  0    Dex: 11    Spells: 2/10 levels left

rFire    . . .     SeeInvis .   a - +0 mace
rCold    . . .     Faith    .   (no shield)
rNeg     . . .     Spirit   .   (helmet restricted)
rPois    .         Reflect  .   (no amulet)
rElec    .         Harm     .   (no ring)
rCorr    .         Rampage  .   (no ring)
Will     .....                  (no ring)
Stlth    ++........             (no ring)
HPRegen  0.11/turn              (no ring)
MPRegen  0.11/turn              (no ring)
                                (no ring)
                                (no ring)

@: no status effects
A: almost no armour, stealthy swim, amphibious, 8 rings, constrict 8, camouflage
1, gelatinous body 1
a: Renounce Religion


You were on level 4 of the Dungeon.
You worshipped Makhleb.
Makhleb was aware of your devotion.
You visited 1 branch of the dungeon, and saw 4 of its levels.

You collected 149 gold pieces.

Inventory:

Hand Weapons
 a - a +0 mace (weapon)
 j - a +0 mace
Missiles
 b - 5 boomerangs of dispersal (quivered)
Jewellery
 e - a cursed ring of attention {unknown}
 q - a +4 ring of evasion {unknown}
Wands
 i - a wand of digging (3)
 o - a wand of iceblast (2)
Scrolls
 c - a scroll of blinking
 d - 4 scrolls of teleportation
 f - a scroll of fear {unknown}
 g - a scroll of magic mapping {unknown}
 p - a scroll of noise {unknown}
 r - 2 scrolls of identify {unknown}
Potions
 h - 2 potions of attraction {unknown}
 k - 2 potions of lignification {unknown}
 l - 2 potions of brilliance {unknown}
 m - a potion of mutation {unknown}
 n - a potion of heal wounds {unknown}
 s - a potion of haste {unknown}
 t - a potion of invisibility


   Skills:
 - Level 2.0 Fighting
 * Level 4.1 Maces & Flails
 - Level 1.0 Throwing
 - Level 2.3 Dodging
 + Level 3.0 Spellcasting
 + Level 3.9 Translocations


You had 2 spell levels left.
You knew the following spells:

 Your Spells              Type           Power        Failure   Level
a - Blink                 Tloc           N/A          5%          2
b - Gell's Gravitas       Tloc           7%           11%         3
c - Lesser Beckoning      Tloc           7%           11%         3

Your spell library contained the following spells:

 Spells                   Type           Power        Failure   Level
 Teleport Other           Tloc           15%          11%         3
 Passage of Golubria      Tloc           N/A          36%         4


Dungeon Overview and Level Annotations

Branches:
Dungeon (4/15)
 Temple: D:4-7

Altars:
Makhleb
Ru
Sif Muna
Wu Jian

Annotations:
D:3 1 runed translucent door, 3t5h's ghost, novice HOFi
D:4 Blork the orc


Innate Abilities, Weirdness & Mutations

You cannot wear most types of armour.
You are very stealthy in the water. (Stealth+)
You are amphibious.
You can wear up to eight rings at the same time.
You can use your tentacles to constrict eight enemies at once.
Your skin changes colour to match your surroundings (Stealth+).
Your rubbery body absorbs attacks. (AC +1, EV +1)


Message History

There is a strange disturbance nearby!
A magic dart appears from out of thin air!
The magic dart hits you.
Okay, then.
Aiming: Iceblast
Press: ? - help, Shift-Dir - straight line The mass of ice explodes!
The iceblast engulfs something!
Unknown command.
Aiming: Iceblast
Press: ? - help, Shift-Dir - straight line, f - you That beam is likely to hit you.
Continue anyway?
Okay, then.
Aiming: Iceblast
Press: ? - help, Shift-Dir - straight line The mass of ice explodes!
The iceblast engulfs something!
The iceblast engulfs you!
Ouch! That really hurt!
* * * LOW HITPOINT WARNING * * *
Something hits you!
You die...

........#####.#####.
#######)# ... #)#
###### #)# #.. #.#
#.# #.####.###.#
#.{.{......#
######.############
#....@........
##############


There were no monsters in sight!

Vanquished Creatures
  Jessica (D:2)
  Terence (D:2)
  Robin (D:4)
  An adder (D:3)
  3 oozes
  2 worms
  A leopard gecko (D:3)
  3 orcs (D:3)
  6 bats
  5 giant cockroaches
  13 goblins
  12 hobgoblins
  7 jackals
  2 quokkas
  4 frilled lizards
  4 kobolds
  9 rats
75 creatures vanquished.

Vanquished Creatures (others)
  23 plants (D:3)
23 creatures vanquished.

Grand Total: 98 creatures vanquished

Notes
Turn   | Place    | Note
-------+----------+-------------------------------------------
     0 | D:1      | Zeld the Octopode Warper began the quest for the Orb.
     0 | D:1      | Reached XP level 1. HP: 14/14 MP: 3/3
   567 | D:1      | Reached XP level 2. HP: 14/19 MP: 5/5
   570 | D:1      | Learned a level 2 spell: Blink
   843 | D:1      | Reached XP level 3. HP: 24/24 MP: 6/6
   848 | D:1      | Learned a level 3 spell: Gell's Gravitas
  1088 | D:1      | Reached skill level 3 in Maces & Flails
  1390 | D:2      | Noticed Jessica
  1402 | D:2      | Killed Jessica
  1403 | D:2      | Reached XP level 4. HP: 24/29 MP: 7/7
  1716 | D:2      | Found a sacrificial altar of Ru.
  1789 | D:2      | Found a shimmering blue altar of Sif Muna.
  1839 | D:2      | Found a burning altar of Makhleb.
  1843 | D:2      | Became a worshipper of Makhleb the Destroyer
  1854 | D:2      | Found an ornate altar of the Wu Jian Council.
  1888 | D:2      | Noticed Terence
  2246 | D:2      | Killed Terence
  2367 | D:2      | Found a faded altar of an unknown god.
  2770 | D:3      | Learned a level 3 spell: Lesser Beckoning
  2958 | D:3      | Reached XP level 5. HP: 13/34 MP: 9/9
  3417 | D:3      | Found a runed translucent door.
  3418 | D:3      | Noticed 3t5h's ghost (novice HOFi)
  3470 | D:3      | Reached skill level 4 in Maces & Flails
  4061 | D:4      | Noticed an ice beast
  4064 | D:4      | Noticed Robin
  4179 | D:4      | Killed Robin
  4179 | D:4      | Reached * piety under Makhleb
  4203 | D:4      | Noticed Blork the orc
  4224 | D:4      | Slain by Blork the orc

Illustrated notes

Levels and vault maps discovered:
D:1:      dpeg_arrival_rhombi, layout_loops_ring, serial_glass, glass_columns_a,
          glass_columns_b, hangedman_decor_peaks_small, minmay_pentomino_p2
D:2:      layout_rooms, nicolae_overflow_quartered_altars,
          chequers_ecumenical_altar_grove, uniq_terence, uniq_jessica
D:3:      layout_rooms, serial_bayou, serial_bayou_lagoon_b,
          serial_bayou_crossing, serial_bayou_pond_e, serial_bayou_pond_a,
          serial_bayou_pond_a, serial_bayou_lagoon_a, ebering_ghost_inner_flame
D:4:      layout_basic, serial_shops, shop, st_stairs_1, uniq_blork_the_orc,
          uniq_duvessa, uniq_robin

Skill      XL: |  1  2  3  4  5 |
---------------+----------------+-----
Maces & Flails | 3 4 |  4.1
Spellcasting   | 3 |  3.0
Fighting       | |  2.0
Throwing       | |  1.0
Dodging        | |  2.3
Translocations | |  3.9

Action                   |  1- 3 |  4- 6 || total
-------------------------+-------+-------++-------
Melee: Mace              |    67 |    89 ||   156
       Constrict         |    13 |    22 ||    35
       Tentacles         |     6 |    13 ||    19
 Cast: Blink             |       |     1 ||     1
       Gell's Gravitas   |       |     5 ||     5
Evoke: Wand              |       |     2 ||     2
  Use: Scroll            |       |     1 ||     1
 Stab: Sleeping          |     3 |     2 ||     5
Armor: Skin              |     6 |     7 ||    13
Dodge: Dodged            |    53 |    56 ||   109
